 Dungeon Crawl Stone Soup version 0.22.1-5-g62c59d9 (webtiles) character file.

37048 Fang the Cleaver (level 13, -12/86 HPs)
             Began as a Gargoyle Berserker on Jan 7, 2019.
             Was a Priest of Trog.
             Mangled by a catoblepas (15 damage)
             ... on level 6 of the Lair of Beasts.
             The game lasted 00:28:54 (19615 turns).

Fang the Cleaver (Gargoyle Berserker)              Turns: 19615, Time: 00:28:55

Health: -12/86     AC: 19    Str: 26    XL:     13   Next: 94%
Magic:  13/13      EV: 15    Int: 10    God:    Trog [***...]
Gold:   1225       SH:  0    Dex: 11    Spells: 12/12 levels left

rFire    . . .     SeeInvis .   u - +11 hand axe "Kageukho" {chop, rElec}
rCold    + + +     Gourm    .   (no shield)
rNeg     + . .     Faith    .   H - +1 leather armour of Mezcal {*Corrode rElec rC++ Str+2}
rPois    ∞         Spirit   .   s - +2 helmet
rElec    +         Reflect  .   y - +2 cloak
rCorr    .         Harm     .   q - +2 pair of gloves
MR       .....                  Q - +2 pair of boots
Stlth    +++++.....             j - amulet of the acrobat
HPRegen  0.24/turn              A - +2 ring of slaying
MPRegen  0.13/turn              l - ring of stealth

@: about to teleport, corroded, berserk cooldown, slowed, very slow
A: agile 1, cold resistance 1, negative energy resistance 1, electricity
resistance, unbreathing, petrification resistance, rot immunity, AC +9
a: Berserk, Trog's Hand, Renounce Religion


You were on level 6 of the Lair of Beasts.
You worshipped Trog.
Trog was most pleased with you.
You were very hungry.

You visited 3 branches of the dungeon, and saw 18 of its levels.
You also visited: Labyrinth.

You collected 1225 gold pieces.

Inventory:

Hand Weapons
 o - a +2 antimagic executioner's axe
 u - the +11 hand axe "Kageukho" (weapon) {chop, rElec}
   (You found it on level 9 of the Dungeon)

   It inflicts extra damage upon your enemies.
   It insulates you from electricity.
 w - a +1 war axe of freezing
 G - a +4 battleaxe of electrocution
Armour
 a - a +3 plate armour
 q - a +2 pair of gloves (worn)
 s - a +2 helmet (worn)
 y - a +2 cloak (worn)
 E - the +0 leather armour of Hangman {rPois rC+ rN+}
   (You found it on level 6 of the Dungeon)

   It protects you from cold.
   It protects you from poison.
   It protects you from negative energy.
 H - the +1 leather armour of Mezcal (worn) {*Corrode rElec rC++ Str+2}
   (You found it on level 7 of the Dungeon)

   It affects your strength (+2).
   It greatly protects you from cold.
   It insulates you from electricity.
   It may corrode you when you take damage.
 Q - a +2 pair of boots (worn)
Jewellery
 e - an uncursed ring of protection from cold
 j - an amulet of the acrobat (around neck)
 l - a ring of stealth (right hand)
 t - a +1 ring of evasion
 v - an uncursed ring of protection from fire
 A - a +2 ring of slaying (left hand)
 C - an uncursed ring of protection from magic
 P - an uncursed ring of positive energy
Wands
 x - a wand of scattershot (12)
 z - a wand of iceblast (16)
 I - a wand of disintegration (25)
 K - a wand of flame (68)
 R - a wand of paralysis (12)
Scrolls
 f - 13 scrolls of identify
 i - 11 scrolls of remove curse
 k - 4 scrolls of teleportation
 r - 5 scrolls of fog
 D - 4 scrolls of fear
 J - 2 scrolls of magic mapping
 O - a scroll of summoning
 T - a scroll of torment {unknown}
Potions
 b - 3 potions of brilliance
 d - a potion of heal wounds
 g - 3 potions of resistance
 h - a potion of invisibility
 m - 3 potions of flight
 n - 5 potions of agility
 p - 5 potions of curing
 B - 2 potions of might
 F - 2 potions of lignification
 L - 2 potions of cancellation
 M - 4 potions of haste
 N - 3 potions of berserk rage
Comestibles
 c - 23 rations
 S - 2 chunks of flesh


   Skills:
 + Level 12.0 Fighting
 + Level 14.6 Axes
 + Level 6.5 Armour
 + Level 8.0 Dodging
 + Level 9.9 Stealth


You had 12 spell levels left.
You didn't know any spells.
Your spell library was empty.

Dungeon Overview and Level Annotations

Branches:
Dungeon (11/15)            Temple (1/1) D:7            Lair (6/6) D:9
 Shoals (0/4) Lair:2       Spider (0/4) Lair:4
  Slime: Lair:5-6       Orc: D:9-12

Altars:
Ashenzari
Cheibriados
Dithmenos
Elyvilon
Makhleb
Nemelex Xobeh
Okawaru
Qazlal
Ru
Sif Muna
Trog
Vehumet
Wu Jian
Yredelemnul

Shops:
D:6 (

Annotations:
D:9 exclusion: statue
Lair:2 1 runed door, Jclef's ghost, journeyman MiFi
Lair:5 exclusion: 2 oklob plants


Innate Abilities, Weirdness & Mutations

You are resistant to torment.
Your stone body is resilient. (AC +9)
You are immune to poison.
You resist negative energy. (rN+)
You are resistant to electric shocks. (rElec)
You can survive without breathing.
You are immune to petrification.
You are immune to rotting.
You are agile. (Dex +2)
Your flesh is cold resistant. (rC+)


Message History

Unknown command.
You hit the catoblepas.
The catoblepas is severely wounded.
You hit the plant.
The plant is engulfed in calcifying dust.
The plant is no longer petrified.
The catoblepas gores you but does no damage.
Unknown command.
You feel better.
The plant is engulfed in calcifying dust.
The catoblepas gores you but does no damage.
As you read the scroll of teleportation, it crumbles to dust.
You feel strangely unstable.
The plant is engulfed in calcifying dust.
The plant turns to stone!
The spriggan misses you.
The catoblepas gores you but does no damage.
The spriggan hits you with a dagger!
* * * LOW HITPOINT WARNING * * *
The catoblepas gores you!
You die...

....
...........####..##..
##.P #.............##
####P.. # ..
#..............## ###.
#.%.............########
.....................###
#
..P...............P.....
#
...............P........
#..............#........
#...#P@Y.P.P...........
.../..i.................
##P#............P.......
##......P#..#........
##...#P####.####....
###.### ###


#.PPP ### ###.. ### You could see a catoblepas and a spriggan.

Vanquished Creatures
  A minotaur (Lab)
  3 hydras
  3 two-headed ogres
  3 death yaks
  Nergalle (D:10)
  8 elephants
  6 black mambas
  A gargoyle (D:10)
  5 spiny frogs
  A torpor snail (Lair:3)
  3 rime drakes
  A komodo dragon (shapeshifter) (D:9)
  10 komodo dragons
  3 trolls
  A queen bee (D:7)
  2 hornets (Lair:6)
  3 polar bears
  A snapping turtle (Lair:2)
  8 blink frogs
  7 hippogriffs
  6 spriggans (Lair:6)
  6 yaks (Lair:1)
  3 wyverns
  A vampire (D:10)
  2 basilisks
  2 hungry ghosts (D:9)
  A steam dragon (D:9)
  6 water moccasins
  2 orc warriors
  8 porcupines
  4 sky beasts
  3 ice beasts
  6 phantoms
  A black bear (D:10)
  6 ogres
  A boggart (Lair:6)
  19 wolves
  4 centaurs
  6 crocodiles
  4 big kobolds
  19 bullfrogs
  A gnoll sergeant (D:7)
  2 wyvern skeletons
  4 scorpions
  29 killer bees
  4 wights (D:9)
  2 electric eels
  2 howler monkeys (D:10)
  3 crimson imps
  2 bullfrog zombies
  5 bullfrog skeletons
  6 jellies
  2 orc priests
  5 centaur skeletons
  Crazy Yiuf (D:2)
  6 hounds
  7 orc wizards
  2 iguanas
  Ijyb (D:4)
  9 worker ants
  A hound zombie (D:10)
  A hound skeleton (D:7)
  Robin (D:2)
  A worker ant zombie (D:10)
  3 gnolls (D:7)
  25 adders
  3 howler monkey skeletons
  2 shadow imps
  An ooze (D:2)
  An adder zombie (D:8)
  2 worms
  4 dart slugs
  3 leopard geckos
  44 orcs
  2 ball pythons (D:4)
  7 bats
  9 giant cockroaches
  12 goblins
  15 hobgoblins
  12 jackals
  29 kobolds
  4 quokkas
  A frilled lizard (D:2)
  3 leopard gecko skeletons
  3 quokka skeletons
  3 rats
  5 fungi
  3 plants
474 creatures vanquished.

Vanquished Creatures (collateral kills)
  2 hydras
  A troll (D:9)
  A necrophage (D:8)
  2 killer bees (D:7)
  An electric eel (D:9)
  A kobold (D:7)
8 creatures vanquished.

Vanquished Creatures (others)
  A hound (D:9)
  A goblin (D:2)
  5 fungi
  10 plants
17 creatures vanquished.

Grand Total: 499 creatures vanquished

Notes
Turn   | Place    | Note
-------+----------+-------------------------------------------
     0 | D:1      | Fang the Gargoyle Berserker began the quest for the Orb.
     0 | D:1      | Reached XP level 1. HP: 14/14 MP: 1/1
   147 | D:1      | Reached skill level 3 in Axes
   147 | D:1      | Reached XP level 2. HP: 19/19 MP: 2/2
  1116 | D:2      | Reached XP level 3. HP: 24/24 MP: 3/3
  1340 | D:2      | Noticed Robin
  1357 | D:2      | Reached ** piety under Trog
  1359 | D:2      | Killed Robin
  1360 | D:2      | Reached XP level 4. HP: 29/29 MP: 4/4
  1518 | D:2      | Reached skill level 4 in Axes
  1713 | D:2      | Found a runed door.
  1752 | D:2      | Reached skill level 1 in Stealth
  1994 | D:2      | Noticed Crazy Yiuf
  1999 | D:2      | Killed Crazy Yiuf
  1999 | D:2      | Reached XP level 5. HP: 33/33 MP: 5/5
  2982 | D:4      | Noticed a phantom
  2988 | D:4      | Reached *** piety under Trog
  3000 | D:4      | Reached XP level 6. HP: 34/39 MP: 6/6
  3069 | D:4      | Killed a phantom
  3069 | D:4      | Reached skill level 5 in Axes
  3484 | D:4      | Reached XP level 7. HP: 32/44 MP: 7/7
  3659 | D:4      | Reached skill level 6 in Axes
  3674 | D:4      | Reached skill level 5 in Fighting
  3737 | D:4      | Noticed Ijyb
  3746 | D:4      | Killed Ijyb
  4033 | D:5      | Entered Level 5 of the Dungeon
  4119 | D:5      | Reached XP level 8. HP: 39/49 MP: 8/8
  4274 | D:5      | Found a shattered altar of Ashenzari.
  4340 | D:5      | Reached skill level 7 in Axes
  4365 | D:5      | Reached **** piety under Trog
  4601 | D:5      | Found a stormy altar of Qazlal.
  4931 | D:6      | Found Amiudwam's Antique Weapon Shoppe.
  5151 | D:6      | Reached skill level 8 in Axes
  5250 | D:6      | Reached XP level 9. HP: 55/55 MP: 9/9
  5261 | D:6      | Got a spiked leather armour
  5272 | D:6      | Identified the +0 leather armour of Hangman {rPois rC+ rN+}
                  | (You found it on level 6 of the Dungeon)
  5276 | D:6      | Found a shadowy altar of Dithmenos.
  5349 | D:6      | Found an iron altar of Okawaru.
  5447 | D:6      | Found a bloodstained altar of Trog.
  5564 | D:6      | Reached skill level 5 in Armour
  5659 | D:6      | Found a white marble altar of Elyvilon.
  5662 | D:6      | Found a basalt altar of Yredelemnul.
  5665 | D:6      | Found a snail-covered altar of Cheibriados.
  5813 | D:7      | Reached skill level 9 in Axes
  5816 | D:7      | Reached ***** piety under Trog
  5832 | D:7      | Received a gift from Trog
  5942 | D:7      | Got a smelly leather armour
  5953 | D:7      | Identified the +1 leather armour of Mezcal {*Corrode rElec
                  | rC++ Str+2} (You found it on level 7 of the Dungeon)
  5973 | D:7      | Found a staircase to the Ecumenical Temple.
  6013 | Temple   | Entered the Ecumenical Temple
  6510 | D:7      | Reached skill level 10 in Axes
  6797 | D:8      | Noticed a queen bee
  6807 | D:7      | Killed a queen bee
  6807 | D:7      | Reached XP level 10. HP: 42/63 MP: 10/10
  6818 | D:7      | HP: 1/63 [killer bee (7)]
  7823 | D:8      | Found a sparkling altar of Nemelex Xobeh.
  7908 | D:8      | Reached skill level 11 in Axes
  8152 | D:9      | Gained mutation: Your flesh is cold resistant. (rC+)
                  | [potion of mutation]
  8152 | D:9      | Gained mutation: You are agile. (Dex +2) [potion of
                  | mutation]
  8482 | D:9      | Found a radiant altar of Vehumet.
  8542 | D:9      | Found a staircase to the Lair.
  8547 | D:9      | Received a gift from Trog
  8570 | D:9      | Reached XP level 11. HP: 24/69 MP: 11/11
  8816 | D:9      | Found a flagged portal.
  8828 | D:9      | Got a transparent hand axe
  8829 | D:9      | Identified the +11 hand axe "Kageukho" {chop, rElec} (You
                  | found it on level 9 of the Dungeon)
  8898 | D:9      | Reached skill level 5 in Dodging
  9132 | D:9      | Found an ornate altar of the Wu Jian Council.
  9168 | D:9      | Noticed a two-headed ogre
  9185 | D:9      | Killed a two-headed ogre
  9185 | D:9      | Reached skill level 12 in Axes
  9635 | D:10     | Entered Level 10 of the Dungeon
 10387 | D:10     | Noticed Nergalle
 10410 | D:10     | Killed Nergalle
 10605 | D:10     | Noticed a two-headed ogre
 10614 | D:10     | Killed a two-headed ogre
 10614 | D:10     | Reached skill level 5 in Stealth
 11087 | D:11     | Found a labyrinth entrance.
 11088 | D:11     | Noticed a two-headed ogre
 11098 | D:11     | Killed a two-headed ogre
 11143 | Lab      | Entered a labyrinth
 11822 | Lab      | Noticed a minotaur
 11836 | Lab      | Killed a minotaur
 11836 | Lab      | Reached skill level 13 in Axes
 11836 | Lab      | Reached XP level 12. HP: 38/76 MP: 12/12
 12029 | Lab      | Identified the Volume of the Entourage
 12041 | D:11     | Found a sacrificial altar of Ru.
 12855 | Lair:1   | Entered Level 1 of the Lair of Beasts
 12874 | Lair:1   | Found a frozen archway.
 12942 | Lair:1   | Received a gift from Trog
 12951 | Lair:1   | Reached skill level 10 in Fighting
 13611 | Lair:1   | Noticed a seven-headed hydra
 13622 | Lair:1   | Killed an eight-headed hydra
 14180 | Lair:2   | Noticed a five-headed hydra
 14197 | Lair:2   | Killed a six-headed hydra
 14518 | Lair:2   | Noticed a six-headed hydra
 14525 | Lair:2   | Killed a ten-headed hydra
 14709 | Lair:2   | Found a runed door.
 14709 | Lair:2   | Noticed a spriggan rider
 14710 | Lair:2   | Noticed Jclef's ghost (journeyman MiFi)
 14999 | Lair:2   | Found a staircase to the Shoals.
 15193 | Lair:2   | Noticed a four-headed hydra
 15205 | Lair:2   | Killed a five-headed hydra
 16008 | Lair:3   | Reached skill level 14 in Axes
 16011 | Lair:3   | Reached XP level 13. HP: 73/83 MP: 13/13
 17582 | Lair:4   | Found a hole to the Spider Nest.
 18888 | Lair:6   | Entered Level 6 of the Lair of Beasts
 19615 | Lair:6   | HP: 3/86 [spriggan/dagger (8)]
 19615 | Lair:6   | Mangled by a catoblepas

Skill      XL: |  1  2  3  4  5  6  7  8  9 10 11 12 13 |
---------------+----------------------------------------+-----
Axes           | 3 4 5 6 8 10 11 13 14 | 14.6
Fighting       | 4 5 6 7 8 9 10 12 | 12.0
Stealth        | 1 2 3 5 8 9 |  9.9
Dodging        | 2 3 4 6 8 |  8.0
Armour         | 3 4 5 6 |  6.5

Action                   |  1- 3 |  4- 6 |  7- 9 | 10-12 | 13-15 || total
-------------------------+-------+-------+-------+-------+-------++-------
Melee: Hand axe          |    79 |    97 |       |   360 |   286 ||   822
       War axe           |       |   109 |   304 |       |       ||   413
       Battleaxe         |       |       |    76 |   148 |       ||   224
       Executioner's axe |       |       |       |     2 |       ||     2
Invok: Berserk           |     1 |     2 |     3 |     4 |     4 ||    14
       Brothers in Arms  |       |       |       |     6 |       ||     6
  Use: Scroll            |       |       |       |    34 |     5 ||    39
       Potion            |       |       |       |     6 |     2 ||     8
 Stab: Distracted        |       |     1 |       |     2 |     2 ||     5
       Sleeping          |       |       |     1 |    26 |     8 ||    35
       Petrified         |       |       |       |       |     9 ||     9
       Petrifying        |       |       |       |       |     1 ||     1
  Eat: Chunk             |     1 |     9 |    14 |    26 |    11 ||    61
       Ration            |       |       |       |     3 |     1 ||     4
Armor: Animal skin       |    28 |    44 |       |       |       ||    72
       Plate armour      |       |    67 |   187 |       |       ||   254
       Scale mail        |       |    10 |       |       |       ||    10
       Leather armour    |       |       |    98 |   294 |   124 ||   516
Dodge: Dodged            |    87 |   154 |   247 |   414 |   160 ||  1062
